 Dungeon Crawl Stone Soup version 0.27.1-33-g824d729ab1 (console) character file.

Game seed: 9521754934833781228

8 toffzen the Sneak (level 2, 0/25 HPs)
             Began as a Minotaur Brigand on Nov 24, 2021.
             Slain by a giant cockroach (1 damage)
             ... on level 1 of the Dungeon.
             The game lasted 00:00:50 (495 turns).

toffzen the Sneak (Minotaur Brigand)                 Turns: 495, Time: 00:00:51

Health: 0/25       AC:  6    Str: 15    XL:     2   Next: 0%
Magic:  1/1        EV: 10    Int:  8    God:
Gold:   41         SH:  0    Dex: 11    Spells: 1/1 levels left

rFire    . . .     SeeInvis .   a - +2 dagger
rCold    . . .     Faith    .   (no shield)
rNeg     . . .     Spirit   .   m - +0 ring mail
rPois    .         Reflect  .   (helmet restricted)
rElec    .         Harm     .   c - +0 cloak
rCorr    .         Rampage  .   (no gloves)
Will     .....                  (no boots)
Stlth    +.........             (no amulet)
HPRegen  0.08/turn              (no ring)
MPRegen  0.07/turn              (no ring)

@: no status effects
A: horns 2, retaliatory headbutt
a: no special abilities


You were on level 1 of the Dungeon.
You visited 1 branch of the dungeon, and saw 1 of its levels.

You collected 41 gold pieces.

Inventory:

Hand Weapons
 a - a +2 dagger (weapon)
Missiles
 d - 8 poisoned darts (quivered)
 e - 2 curare-tipped darts
Armour
 c - a +0 cloak (worn)
 m - a +0 ring mail (worn)
Scrolls
 f - a scroll of noise {unknown}
 g - a scroll of immolation {unknown}
 j - a scroll of fear {unknown}
 k - a scroll of teleportation {unknown}
 l - a scroll of identify {unknown}
Potions
 h - a potion of lignification {unknown}
 i - 2 potions of curing {unknown}


   Skills:
 + Level 2.7 Fighting
 - Level 2.1 Short Blades
 - Level 2.0 Throwing
 + Level 1.0 Armour
 + Level 1.6 Dodging
 - Level 3.2 Stealth


You had one spell level left.
You didn't know any spells.
Your spell library was empty.

Dungeon Overview and Level Annotations

Branches:
Dungeon (1/15)

Altars:


Innate Abilities, Weirdness & Mutations

You have a pair of horns on your head.
You reflexively headbutt those who attack you in melee.


Message History

The endoplasm is moderately wounded.
The giant cockroach bites you. The endoplasm freezes you.
You are frozen.
* * * LOW HITPOINT WARNING * * *
The giant cockroach closely misses you. You furiously retaliate!
You headbutt the giant cockroach, but do no damage.
You are too injured to fight recklessly!
You are too injured to fight recklessly!
You are too injured to fight recklessly!
The endoplasm freezes you.
You are frozen.
* * * LOW HITPOINT WARNING * * *
You hit the endoplasm but do no damage.
The endoplasm is moderately wounded.
The endoplasm hits you but does no damage.
The giant cockroach closely misses you.
You hit the endoplasm but do no damage.
The endoplasm is moderately wounded.
The endoplasm barely misses you. The giant cockroach closely misses you.
You hit the endoplasm.
You kill the endoplasm!
The giant cockroach bites you.
* * * LOW HITPOINT WARNING * * *
Your Armour skill increases to level 1!
You have reached level 2!
Your ring mail prevents you from hitting the giant cockroach.
The giant cockroach barely misses you. You furiously retaliate!
You headbutt the giant cockroach. You barely miss the giant cockroach.
The giant cockroach is moderately wounded.
The giant cockroach bites you but does no damage.
You hit the giant cockroach.
The giant cockroach is heavily wounded.
The giant cockroach bites you.
* * * LOW HITPOINT WARNING * * *
You closely miss the giant cockroach.
The giant cockroach is heavily wounded.
The giant cockroach bites you.
You die...

#.............#.#....#
##.####.#...#.#.#....#
#.#....#...#.#.#....#
#[#.#..#.............
#.#.#..#.#.#.........
#......#.# #..#######
##.#....#.###..#
#.#..............#
#.....B@....####.#
###....###### #.#
#..... ..# #..)..# ###
#..≈..# #..≈≈.#
##≈.≈≈. #≈[.≈#


You could see a giant cockroach.

Vanquished Creatures
  2 endoplasms (D:1)
  A giant cockroach (D:1)
  A hobgoblin (D:1)
  A quokka (D:1)
  A ball python (D:1)
  A rat (D:1)
7 creatures vanquished.

Notes
Turn   | Place    | Note
-------+----------+-------------------------------------------
     0 | D:1      | toffzen the Minotaur Brigand began the quest for the Orb.
     0 | D:1      | Reached XP level 1. HP: 18/18 MP: 0/0
   492 | D:1      | Reached skill level 1 in Armour
   492 | D:1      | Reached XP level 2. HP: 3/25 MP: 1/1
   494 | D:1      | HP: 1/25 [giant cockroach (2)]
   495 | D:1      | Slain by a giant cockroach

Illustrated notes

Levels and vault maps discovered:
D:1:      minmay_arrival_diagonal_passages, layout_basic,
          chequers_serial_rivers_small_b

Skill      XL: |  1 |
---------------+----+-----
Armour         | 1 |  1.0
Fighting       | |  2.7
Short Blades   | |  2.1
Throwing       | |  2.0
Dodging        | |  1.6
Stealth        | |  3.2

Action                   || total
-------------------------++-------
Melee: Dagger            ||    26
       Headbutt          ||     2
 Stab: Sleeping          ||     1
Armor: Robe              ||     4
       Ring mail         ||     3
Dodge: Dodged            ||    13
